Map: Inside and Out

Players

Scarlett - Winner!

  • Race: Zerg Zerg
  • Spawn Location: 1:00

GungFuBanDa

  • Race: Protoss Protoss
  • Spawn Location: 7:00

Event: DreamHack SC2 Masters 2022 Atlanta (Offline)

VOD

Have the link to the VOD?

Description

Time

  • Played on: Nov. 18, 2022, 11:53 a.m.
  • Length: 14:31

All games in this series

Show
View Real Time Build Order
Export as new Build Order

Scarlett Zerg - Winner!

Build Orders: Hatch First, Lurkers 

Get SALT Encoding   

  12  0:00  Drone  
  13  0:12  Overlord  
  13  0:17  Drone  
  14  0:30  Drone x2  
  16  0:48  Drone x2  
  18  0:58  Hatchery  
  18  1:00  Drone  
  18  1:10  Extractor  
  17  1:13  Spawning Pool  
  17  1:16  Drone  
  17  1:19  Drone  
  18  1:30  Drone  
  19  1:39  Overlord  
  19  1:50  Drone  
  20  2:00  Queen  
  20  2:01  Zergling x2  
  23  2:09  Queen  
  23  2:10  Drone  
  23  2:11  Zergling x2  
  27  2:16  Metabolic Boost  
  27  2:21  Drone  
  28  2:23  Drone  
  29  2:33  Drone x2  
  31  2:46  Queen, Hatchery  
  31  2:48  Drone  
  33  2:52  Overlord  
  33  2:55  Drone  
  34  2:59  Zergling x2  
  34  3:04  Zergling x2  
  36  3:10  Queen, Overlord  
  38  3:17  Drone x3  
  38  3:19  Drone  
  42  3:21  Drone x2  
  44  3:30  Drone  
  44  3:31  Drone x2  
  44  3:33  Queen  
  49  3:42  Drone x2, Overlord  
  51  3:53  Overlord  
  51  3:56  Queen  
  51  3:57  Spore Crawler  
  51  3:59  Spore Crawler  
  51  4:00  Queen  
  51  4:05  Drone  
  51  4:06  Drone x2  
  54  4:10  Drone x3  
  57  4:20  Drone x6  
  63  4:27  Zergling x4  
  65  4:33  Spore Crawler, Drone  
  65  4:34  Drone x4  
  65  4:37  Evolution Chamber  
  68  4:41  Drone x2  
  68  4:43  Drone x2  
  71  4:53  Overlord  
  71  4:55  Overlord  
  71  4:58  Hatchery  
  70  5:01  Drone x3  
  70  5:05  Extractor  
  70  5:06  Extractor  
  71  5:07  Overlord  
  71  5:13  Overlord  
  71  5:14  Drone x5  
  71  5:15  Zerg Melee Weapons Level 1  
  71  5:20  Lair  
  76  5:26  Drone  
  77  5:32  Drone x4, Hatchery  
  77  5:33  Drone x2  
  77  5:34  Overlord  
  82  5:36  Zergling x4  
  84  5:43  Zergling x8  
  84  5:49  Zergling x2  
  88  5:51  Zergling x8  
  88  5:56  Zergling x8  
  96  5:59  Zergling x4  
  96  6:01  Zergling x2  
  98  6:07  Zergling x6  
  96  6:12  Zergling x2  
  96  6:13  Zergling x2  
  98  6:22  Baneling Nest  
  97  6:27  Zergling x12  
  97  6:29  Drone x8  
  111  6:33  Hatchery  
  111  6:34  Drone, Extractor  
  111  6:35  Drone  
  111  6:36  Hydralisk Den  
  111  6:39  Infestation Pit  
  108  6:42  Spore Crawler  
  108  6:43  Drone x3  
  108  6:44  Extractor  
  108  6:46  Overlord x3  
  109  6:51  Overlord  
  109  6:52  Overlord x3  
  109  6:58  Overlord x2  
  109  7:07  Drone  
  110  7:15  Drone x8  
  113  7:16  Muscular Augments  
  113  7:17  Hive  
  113  7:18  Zerg Melee Weapons Level 2  
  113  7:19  Zergling x14  
  118  7:23  Zergling x4  
  118  7:24  Lurker Den  
  119  7:31  Centrifugal Hooks  
  119  7:33  Zergling x12  
  125  7:43  Zergling x2  
  125  7:44  Zergling x18  
  135  7:48  Hydralisk x3  
  141  7:57  Drone x2  
  141  7:58  Extractor x2  
  140  7:59  Drone x3  
  140  8:00  Spore Crawler  
  140  8:01  Drone x2  
  140  8:02  Drone x2, Extractor  
  140  8:03  Drone x4  
  140  8:04  Drone  
  151  8:12  Evolution Chamber  
  150  8:13  Drone  
  150  8:17  Zergling x14, Spore Crawler  
  150  8:18  Hydralisk x3  
  162  8:29  Seismic Spines  
  162  8:31  Viper x2  
  162  8:34  Overlord x3  
  168  8:41  Spine Crawler  
  168  8:44  Lurker x2  
  168  8:45  Overlord  
  168  8:51  Extractor  
  168  8:52  Drone x2  
  168  8:53  Drone  
  170  9:01  Extractor  
  170  9:02  Drone x7  
  174  9:06  Drone x3  
  174  9:08  Spine Crawler  
  174  9:09  Spine Crawler  
  171  9:12  Overseer  
  171  9:13  Pneumatized Carapace, Spine Crawler  
  170  9:21  Adrenal Glands  
  170  9:22  Zerg Missile Weapons Level 1  
  170  9:23  Lurker x3  
  173  9:25  Overseer  
  173  9:26  Adaptive Talons  
  173  9:30  Spine Crawler  
  173  9:31  Spine Crawler  
  171  9:32  Lurker  
  171  9:33  Hydralisk x2, Spine Crawler  
  171  9:35  Spine Crawler  
  171  9:37  Drone x3  
  177  9:41  Overlord  
  177  9:42  Hydralisk x5  
  177  9:44  Spine Crawler  
  186  9:46  Spine Crawler  
  186  9:51  Hydralisk x2  
  189  9:52  Overlord  
  189  9:54  Zergling x12  
  195  10:05  Lurker x2  
  197  10:14  Lurker x2  
  197  10:15  Lurker  
  197  10:19  Spire, Overlord x2  
  197  10:20  Zerg Melee Weapons Level 3  
  196  10:26  Lurker  
  196  10:27  Lurker  
  197  10:29  Baneling x3  
  197  10:30  Baneling  
  197  10:34  Baneling x4  
  197  10:44  Hatchery  
  197  10:45  Extractor  
  197  10:47  Zergling x10  
  197  10:48  Extractor  
  198  11:03  Zergling x8  
  187  11:21  Zergling x2  
  187  11:22  Zergling x22  
  188  11:31  Zerg Ground Armor Level 1  
  188  11:32  Greater Spire  
  179  11:47  Hydralisk x3  
  179  11:48  Zergling x22  
  185  12:02  Hydralisk x9  
  189  12:09  Hydralisk x3  
  189  12:13  Zergling x4  
  199  12:17  Baneling  
  199  12:18  Baneling x5  
  199  12:25  Lurker x2  
  193  12:34  Spine Crawler  
  193  12:35  Spine Crawler  
  189  12:37  Hydralisk x5  
  187  13:23  Zergling x12  
  186  13:28  Drone  
  186  13:29  Drone x2  
  186  13:33  Zergling x18  
  186  13:34  Zergling x8  
  199  13:55  Baneling x4  
  197  13:58  Zergling x4  
  197  13:59  Zergling x6  
  197  14:01  Baneling x9  
  155  14:11  Zergling x16  
  155  14:12  Zergling x42  
Show
View Real Time Build Order
Export as new Build Order

GungFuBanDa Protoss 

Build Orders: 1 Gate Expand, Oracle Opening 

Get SALT Encoding   

  12  0:00  Probe  
  13  0:12  Probe  
  14  0:18  Pylon  
  14  0:24  Probe (Chrono Boost)  
  15  0:37  Probe (Chrono Boost)  
  15  0:40  Gateway  
  16  0:44  Probe (Chrono Boost)  
  17  0:51  Probe, Assimilator  
  18  1:03  Probe  
  19  1:16  Probe  
  20  1:25  Nexus  
  20  1:35  Cybernetics Core  
  20  1:37  Probe  
  21  1:47  Assimilator  
  21  1:49  Probe  
  21  1:53  Pylon  
  22  2:01  Probe (Chrono Boost)  
  23  2:09  Adept (Chrono Boost)  
  26  2:16  Probe (Chrono Boost)  
  26  2:21  Probe (Chrono Boost)  
  27  2:24  Stargate  
  27  2:30  Probe  
  27  2:31  Adept (Chrono Boost)  
  30  2:38  Probe  
  30  2:42  Probe  
  32  2:50  Warp Gate, Probe  
  33  2:53  Adept  
  33  2:54  Probe  
  36  3:02  Probe  
  37  3:06  Probe  
  37  3:09  Oracle (Chrono Boost)  
  41  3:14  Probe  
  41  3:15  Gateway  
  41  3:18  Probe  
  43  3:26  Probe  
  44  3:30  Probe  
  44  3:32  Pylon  
  45  3:38  Probe  
  45  3:40  Nexus  
  46  3:47  Oracle (Chrono Boost)  
  46  3:52  Shield Battery  
  46  3:54  Pylon  
  49  4:02  Probe x2  
  51  4:04  Twilight Council  
  51  4:09  Pylon  
  51  4:12  Assimilator  
  51  4:14  Probe x2  
  53  4:26  Gateway, Probe  
  53  4:27  Probe  
  53  4:28  Gateway  
  55  4:32  Resonating Glaives (Chrono Boost)  
  55  4:39  Probe x2  
  55  4:44  Adept  
  55  4:45  Stalker  
  61  4:51  Probe x2  
  61  4:52  Robotics Facility  
  63  4:54  Probe  
  64  5:03  Probe x2  
  64  5:04  Pylon  
  64  5:06  Adept, Probe  
  69  5:09  Adept  
  70  5:15  Probe x2  
  70  5:17  Pylon  
  70  5:18  Probe  
  73  5:22  Adept  
  73  5:27  Probe  
  77  5:28  Probe  
  77  5:32  Adept x3  
  83  5:37  Probe  
  83  5:40  Probe (Chrono Boost)  
  83  5:41  Robotics Bay, Forge  
  86  5:50  Probe (Chrono Boost)  
  86  5:52  Assimilator  
  86  5:53  Assimilator  
  86  5:54  Observer  
  86  5:55  Probe (Chrono Boost)  
  89  5:58  Sentry x2, Probe (Chrono Boost)  
  89  5:59  Probe (Chrono Boost)  
  89  6:03  Probe (Chrono Boost)  
  89  6:17  Protoss Ground Weapons Level 1 (Chrono Boost), Probe (Chrono Boost)  
  92  6:21  Gateway  
  92  6:22  Gateway  
  92  6:23  Probe x2 (Chrono Boost)  
  93  6:26  Probe (Chrono Boost)  
  93  6:31  Stalker x2  
  97  6:34  Disruptor (Chrono Boost)  
  100  6:41  Assimilator  
  100  6:43  Pylon  
  100  6:47  Probe  
  101  6:51  Gateway  
  101  6:52  Gateway, Blink (Chrono Boost)  
  101  6:54  Photon Cannon, Pylon  
  101  6:55  Pylon  
  101  7:03  Disruptor (Chrono Boost)  
  101  7:05  Pylon  
  104  7:15  Stalker x4  
  108  7:20  Stalker x2  
  116  7:32  Warp Prism (Chrono Boost), Photon Cannon  
  116  7:36  Pylon  
  118  7:37  Nexus  
  118  7:38  Pylon  
  118  7:42  Phoenix  
  117  7:47  Stargate  
  119  7:58  Photon Cannon  
  119  7:59  Photon Cannon  
  119  8:01  Phoenix  
  119  8:02  Protoss Ground Weapons Level 2 (Chrono Boost)  
  119  8:03  Probe x2, Pylon  
  123  8:18  Photon Cannon x2  
  123  8:21  Photon Cannon  
  123  8:22  Shield Battery, Stalker x6  
  123  8:26  Pylon  
  135  8:28  Extended Thermal Lance (Chrono Boost)  
  135  8:29  Colossus (Chrono Boost)  
  141  8:43  Probe x2  
  141  8:45  Probe  
  141  8:47  Charge (Chrono Boost)  
  144  8:55  Probe  
  145  9:02  Photon Cannon  
  145  9:04  Photon Cannon  
  145  9:05  Shield Battery  
  145  9:07  Pylon  
  137  9:13  Probe, Pylon  
  137  9:14  Probe  
  139  9:19  Immortal (Chrono Boost)  
  143  9:25  Probe x2  
  143  9:26  Probe, Assimilator x2  
  143  9:28  Templar Archives  
  143  9:29  Gateway  
  143  9:30  Zealot x7  
  143  9:31  Gateway  
  160  9:36  Robotics Facility  
  160  9:56  Psionic Storm  
  160  10:06  Fleet Beacon  
  158  10:10  Immortal  
  162  10:15  High Templar x4  
  162  10:18  Nexus, High Templar  
  162  10:21  Pylon  
  172  10:31  Protoss Ground Weapons Level 3 (Chrono Boost)  
  172  10:32  Zealot  
  174  10:36  Immortal  
  178  10:46  Photon Cannon  
  178  10:48  Photon Cannon  
  178  10:49  Immortal  
  180  10:50  Photon Cannon  
  180  10:51  Shield Battery  
  180  10:52  Pylon  
  180  11:04  Protoss Air Weapons Level 1  
  116  11:27  Stalker x5  
  116  11:28  High Templar x3  
  116  11:29  High Templar  
  124  11:41  Immortal  
  124  11:42  Immortal  
  126  11:53  Zealot x6  
  132  11:58  Shield Battery  
  127  12:03  Zealot, Stalker x2  
  127  12:04  Probe  
  122  12:12  Probe  
  122  12:20  Immortal (Chrono Boost)  
  122  12:22  Gateway  
  130  12:23  Gateway  
  130  12:24  High Templar  
  130  12:25  Zealot, High Templar x3  
  130  12:26  Zealot  
  130  12:28  Immortal (Chrono Boost)  
  130  12:29  Archon  
  142  12:30  Archon  
  142  12:32  Pylon  
  140  12:48  Zealot x4, Immortal (Chrono Boost)  
  152  12:52  Observer (Chrono Boost)  
  151  13:05  Archon  
  151  13:11  Immortal (Chrono Boost)  
  155  13:16  Zealot x8  
  165  13:24  Immortal (Chrono Boost)  
  159  13:41  Immortal (Chrono Boost)  
  159  13:46  High Templar  
  159  13:47  Zealot x4  
  168  13:52  Probe x2  
  168  13:56  Archon  
  164  14:04  Zealot x3  
  134  14:12  Probe  
  109  14:22  Zealot x4  
Tags
 
Add a new tag
Caveats
  • Supply blocks, unpowered buildings, or Contaminate may cause inaccurate times.
  • Supply counts are checked every 10 seconds.